 Dungeon Crawl Stone Soup version 0.21.1-1-g345015f (webtiles) character file.

17637 vatarom the Scorcher (level 12, -4/64 HPs)
             Began as a Deep Elf Fire Elementalist on Apr 30, 2018.
             Was an Elder of Vehumet.
             Killed from afar by Mesmaeker13's ghost (32 damage)
             ... with a fireball
             ... on level 2 of the Lair of Beasts on May 1, 2018.
             The game lasted 00:36:40 (16269 turns).

vatarom the Scorcher (Deep Elf Fire Elementalist)  Turns: 16269, Time: 00:36:43

Health: -4/64      AC:  4    Str:  6    XL:     12   Next: 20%
Magic:  3/31       EV: 13    Int: 28    God:    Vehumet [****..]
Gold:   755        SH:  0    Dex: 15    Spells: 15/37 levels left

rFire    . . .     SeeInvis .   g - +1 whip (freeze)
rCold    + . .     Gourm    .   (no shield)
rNeg     . . .     Faith    .   a - +0 robe
rPois    +         Spirit   .   d - +1 hat {Int+3}
rElec    .         Reflect  .   (no cloak)
rCorr    .         Harm     .   z - +0 pair of gloves
MR       +....                  j - +0 pair of boots
Stlth    ++........             (no amulet)
HPRegen  0.20/turn              f - ring of poison resistance
MPRegen  0.22/turn              l - ring of flight

@: no status effects
A: cold resistance 1, deformed body, robust 1
a: Renounce Religion, Evoke Flight


You were on level 2 of the Lair of Beasts.
You worshipped Vehumet.
Vehumet was greatly pleased with you.
You were not hungry.

You visited 3 branches of the dungeon, and saw 15 of its levels.
You also visited: Ossuary.

You collected 755 gold pieces.

Inventory:

Hand Weapons
 g - a +1 whip of freezing (weapon)
Armour
 a - a +0 robe (worn)
 d - a +1 hat of intelligence (worn)
 j - a +0 pair of boots (worn)
 z - a +0 pair of gloves (worn)
Jewellery
 f - a ring of poison resistance (left hand)
 l - a ring of flight (right hand)
Wands
 k - a wand of disintegration (15)
 n - a wand of flame (14)
 x - a wand of digging (17)
 A - a wand of iceblast (11)
Scrolls
 e - a scroll of teleportation
 h - 2 scrolls of enchant armour
 i - 3 scrolls of fog
 m - a scroll of enchant weapon
 p - a scroll of amnesia
 r - 3 scrolls of blinking
 t - a scroll of immolation
 w - a scroll of magic mapping
 y - a scroll of vulnerability
 C - 3 scrolls of remove curse
Potions
 q - 2 potions of lignification
 v - 2 potions of flight {unknown}
 F - a potion of resistance {unknown}
Books
 b - a book of Flames

   Spells                             Type                      Level
   a - Flame Tongue                   Conjuration/Fire             1
   b - Throw Flame                    Conjuration/Fire             2
   c - Conjure Flame                  Conjuration/Fire             3
   d - Inner Flame                    Hexes/Fire                   3
   e - Sticky Flame                   Conjuration/Fire             4
   f - Fireball                       Conjuration/Fire             5
 o - a book of Minor Magic

   Spells                             Type                      Level
   a - Magic Dart                     Conjuration                  1
   b - Blink                          Translocation                2
   c - Call Imp                       Summoning                    2
   d - Slow                           Hexes                        2
   e - Conjure Flame                  Conjuration/Fire             3
   f - Mephitic Cloud                 Conjuration/Poison/Air       3
 u - a book of Maledictions

   Spells                             Type                      Level
   a - Corona                         Hexes                        1
   b - Ensorcelled Hibernation        Hexes/Ice                    2
   c - Confuse                        Hexes                        3
   d - Tukima's Dance                 Hexes                        3
   e - Dazzling Spray                 Conjuration/Hexes            3
 B - a book of Misfortune

   Spells                             Type                      Level
   a - Confusing Touch                Hexes                        1
   b - Confuse                        Hexes                        3
   c - Gell's Gravitas                Translocation                3
   d - Petrify                        Transmutation/Earth          4
   e - Metabolic Englaciation         Hexes/Ice                    5
   f - Yara's Violent Unravelling     Hexes/Transmutation          5
 D - a book of Frost

   Spells                             Type                      Level
   a - Freeze                         Ice                          1
   b - Throw Frost                    Conjuration/Ice              2
   c - Ozocubu's Armour               Charms/Ice                   3
   d - Throw Icicle                   Conjuration/Ice              4
   e - Summon Ice Beast               Ice/Summoning                4
Comestibles
 c - 11 rations


   Skills:
 - Level 2.4 Dodging
 - Level 2.4 Stealth
 + Level 13.1 Spellcasting
 + Level 11.0 Conjurations
 * Level 15.2 Fire Magic


You had 15 spell levels left.
You knew the following spells:

 Your Spells              Type           Power        Failure   Level  Hunger
a - Flame Tongue          Conj/Fire      #####        0%          1    None
b - Throw Flame           Conj/Fire      ######       0%          2    None
c - Conjure Flame         Conj/Fire      #######.     1%          3    None
d - Sticky Flame          Conj/Fire      #######.     1%          4    None
e - Fireball              Conj/Fire      #######...   1%          5    ##.....
f - Magic Dart            Conj           ####         1%          1    None
g - Ignite Poison         Fire/Tmut/Pois #####...     1%          3    None
h - Mephitic Cloud        Conj/Pois/Air  #####...     1%          3    None


Dungeon Overview and Level Annotations

Branches:
Dungeon (11/15)            Temple (1/1) D:4            Lair (3/6) D:8
  Swamp: Lair:2-4    Shoals: Lair:2-4     Snake: Lair:2-4    Spider: Lair:2-4
    Orc: D:9-12

Altars:
Ashenzari
Cheibriados
Dithmenos
Elyvilon
Fedhas
Gozag
Hepliaklqana
Makhleb
Nemelex Xobeh
Okawaru
Qazlal
Ru
Trog
Uskayaw
Vehumet
Wu Jian
Xom
Yredelemnul
Zin
The Shining One

Annotations:
D:4 Verendum's ghost, amateur MiMo
D:8 RipGuy's ghost, novice GrBe
Lair:2 Mesmaeker13's ghost, journeyman GrFE


Innate Abilities, Weirdness & Mutations

Your flesh is cold resistant. (rC+)
Armour fits poorly on your strangely shaped body.
You are robust. (+10% HP)


Message History

You feel better.
Mesmaeker13's ghost turns its malevolent gaze towards you.
The porcupine misses you.
Casting: Flame Tongue
Confirm with . or Enter, or press ? or * to list all spells.
You don't have enough magic to cast that spell.
Unknown command.
Casting: Flame Tongue
Confirm with . or Enter, or press ? or * to list all spells.
Aiming: Flame Tongue
Press: ? - help, Shift-Dir - straight line, f - porcupine
Aim: a porcupine (almost dead)
The flame tongue hits the porcupine.
You kill the porcupine!
Vehumet accepts your kill.
You feel your power returning.
Mesmaeker13's ghost points at you and mumbles some strange words.
The fireball explodes!
The fireball engulfs you!
Ouch! That really hurt!
You die...

##### ### ########....
#P.. ##♣≈♣≈##......
#...# ####♣≈♣♣≈♣........
##...##.P#♣♣≈≈P.≈.....W.
.....?...#≈≈≈≈≈P≈≈......
..<....†.♣≈P≈≈≈≈§§......
.......@≈≈P♣P≈≈♣≈P.♣....
..$.....♣≈≈≈≈≈≈≈≈≈.♣....
.#.....♣≈≈P≈PP≈P≈≈≈♣.#..
##.#..≈≈♣PP≈≈≈≈≈≈♣♣♣##.
# ##.♣≈W≈≈≈≈≈≈P≈≈♣♣###
#.P♣≈≈≈≈≈≈≈≈≈♣.P#
#♣♣≈≈P≈≈≈≈≈≈≈P.≈#
P≈≈≈≈≈≈≈≈≈≈≈##
≈≈≈≈≈≈≈≈≈PP≈≈.#


You could see Mesmaeker13's ghost.

Vanquished Creatures
  Fannar (D:11)
  2 two-headed ogres
  The ghost of osko the Cleaver, a novice MiBe of Trog (D:7)
  An unseen horror (D:10)
  Pikel (D:5)
  A cyclops (D:10)
  3 elephants (Lair:3)
  A black mamba (Lair:2)
  2 spiny frogs
  A troll (D:11)
  Prince Ribbit (D:7)
  3 hippogriffs
  Sigmund (D:4)
  A shadow (D:11)
  A wraith (D:10)
  21 yaks
  A wyvern (D:9)
  A basilisk (Lair:2)
  A hungry ghost (D:8)
  5 water moccasins
  6 porcupines
  3 orc warriors
  3 sky beasts
  2 phantoms
  A necrophage (D:10)
  6 ogres
  11 wolves (Lair:2)
  4 centaurs
  2 crocodiles
  The ghost of crasatator the Shield-Bearer, an amateur GrFi (D:3)
  2 elf zombies (Ossuary)
  13 bullfrogs
  A wyvern skeleton (D:11)
  6 killer bees (D:10)
  6 wights
  3 electric eels
  8 howler monkeys
  4 crimson imps
  3 centaur zombies (Ossuary)
  A quasit (D:8)
  A bullfrog zombie (D:6)
  2 hounds (D:7)
  3 orc priests
  2 orc wizards
  2 centaur skeletons
  2 iguanas
  7 worker ants
  A big kobold zombie (Ossuary)
  4 hound zombies
  A hound skeleton (D:4)
  3 mummies (Ossuary)
  Robin (D:3)
  8 gnolls
  15 adders
  A shadow imp (D:6)
  2 adder zombies (Ossuary)
  7 worms
  A dart slug (D:5)
  6 leopard geckos
  20 orcs
  6 bats
  3 giant cockroaches
  A gnoll zombie (Ossuary)
  14 goblins
  5 hobgoblins
  6 jackals (D:2)
  4 quokkas
  3 ball pythons
  2 frilled lizards
  4 goblin zombies
  A hobgoblin zombie (Ossuary)
  3 jackal zombies
  7 kobolds
  3 kobold zombies (Ossuary)
  An orc zombie (Ossuary)
  A quokka skeleton (D:9)
  5 quokka zombies
  5 rats
  9 rat zombies
  A spectral orc (D:9)
  A plant (Lair:2)
310 creatures vanquished.

Vanquished Creatures (others)
  A slave (D:5)
  An iguana (D:5)
  A worm (D:5)
  A leopard gecko (D:5)
4 creatures vanquished.

Grand Total: 314 creatures vanquished

Notes
Turn   | Place    | Note
-------+----------+-------------------------------------------
     0 | D:1      | vatarom the Deep Elf Fire Elementalist began the quest for the Orb.
     0 | D:1      | Reached XP level 1. HP: 10/10 MP: 6/6
    19 | D:1      | Reached XP level 2. HP: 15/15 MP: 2/8
   642 | D:2      | Found a sparkling altar of Nemelex Xobeh.
   713 | D:2      | Reached skill level 4 in Fire Magic
   778 | D:2      | Reached XP level 3. HP: 19/19 MP: 6/10
  1151 | D:2      | Reached XP level 4. HP: 19/24 MP: 6/11
  1163 | D:2      | Learned a level 2 spell: Throw Flame
  1167 | D:2      | Learned a level 3 spell: Conjure Flame
  1172 | D:2      | Learned a level 4 spell: Sticky Flame
  1421 | D:2      | Found a hide-covered altar of Uskayaw.
  2125 | D:3      | Noticed crasatator's ghost (amateur GrFi)
  2255 | D:3      | Killed crasatator's ghost
  2255 | D:3      | Reached skill level 5 in Fire Magic
  2255 | D:3      | Reached XP level 5. HP: 10/28 MP: 3/13
  2607 | D:3      | Noticed Robin
  2620 | D:3      | Killed Robin
  3137 | D:4      | Noticed Verendum's ghost (amateur MiMo)
  3159 | D:4      | Reached XP level 6. HP: 29/32 MP: 13/15
  3251 | D:4      | Reached skill level 5 in Spellcasting
  3737 | D:4      | Found a staircase to the Ecumenical Temple.
  3777 | Temple   | Entered the Ecumenical Temple
  4023 | D:4      | Reached skill level 6 in Fire Magic
  4053 | D:4      | Noticed Sigmund
  4060 | D:4      | Killed Sigmund
  4219 | D:4      | Reached XP level 7. HP: 30/36 MP: 10/17
  4388 | D:5      | Entered Level 5 of the Dungeon
  4465 | D:5      | Noticed Pikel
  4481 | D:5      | Killed Pikel
  4481 | D:5      | Reached skill level 5 in Conjurations
  4481 | D:5      | Reached skill level 8 in Fire Magic
  4481 | D:5      | Reached XP level 8. HP: 41/41 MP: 3/20
  4729 | D:5      | Learned a level 5 spell: Fireball
  5365 | D:5      | Found an iron altar of Okawaru.
  5368 | D:5      | Found a shimmering altar of Xom.
  5368 | D:5      | Found an opulent altar of Gozag.
  5370 | D:5      | Found a sacrificial altar of Ru.
  5370 | D:5      | Found a glowing golden altar of the Shining One.
  5370 | D:5      | Found a sacrificial altar of Ru.
  5601 | D:6      | Reached skill level 9 in Fire Magic
  5848 | D:6      | Found a radiant altar of Vehumet.
  5869 | D:6      | Became a worshipper of Vehumet
  6211 | D:7      | Reached XP level 9. HP: 41/45 MP: 16/23
  6506 | D:7      | Noticed osko's ghost (novice MiBe)
  6529 | D:7      | Killed osko's ghost
  6529 | D:7      | Reached skill level 10 in Fire Magic
  6646 | D:7      | Learned a level 1 spell: Magic Dart
  6786 | D:7      | Found a hazy altar of Hepliaklqana.
  6895 | D:7      | Noticed Prince Ribbit
  6917 | D:7      | Killed Prince Ribbit
  7035 | D:7      | Reached skill level 11 in Fire Magic
  7037 | D:7      | Reached * piety under Vehumet
  7037 | D:7      | Offered knowledge of Sandblast by Vehumet.
  7885 | D:8      | Found a sand-covered staircase.
  7894 | Ossuary  | Entered an ossuary
  8367 | Ossuary  | Offered knowledge of Searing Ray by Vehumet.
  8371 | Ossuary  | Reached ** piety under Vehumet
  8774 | D:8      | Reached XP level 10. HP: 48/50 MP: 17/25
  8780 | D:8      | Noticed a two-headed ogre
  8790 | D:8      | Killed a two-headed ogre
  8790 | D:8      | Reached skill level 10 in Spellcasting
  9181 | D:8      | Found a glowing silver altar of Zin.
  9282 | D:8      | Reached skill level 12 in Fire Magic
  9295 | D:8      | Found a staircase to the Lair.
  9296 | D:8      | Noticed RipGuy's ghost (novice GrBe)
  9345 | D:8      | HP: 2/50 [RipGuy's ghost (16)]
 10138 | D:9      | Found a basalt altar of Yredelemnul.
 10224 | D:9      | Offered knowledge of Ignite Poison by Vehumet.
 10230 | D:9      | Learned a level 3 spell: Ignite Poison
 10234 | D:9      | Learned a level 3 spell: Mephitic Cloud
 10501 | D:9      | Found a burning altar of Makhleb.
 10779 | D:10     | Entered Level 10 of the Dungeon
 10958 | D:9      | Reached *** piety under Vehumet
 11532 | D:10     | Noticed a two-headed ogre
 12289 | D:10     | Noticed a cyclops
 12309 | D:10     | Killed a cyclops
 12309 | D:10     | Reached skill level 13 in Fire Magic
 12601 | D:10     | Noticed an unseen horror
 12606 | D:10     | Killed an unseen horror
 12606 | D:10     | Offered knowledge of Airstrike by Vehumet.
 12606 | D:10     | Reached XP level 11. HP: 33/54 MP: 16/28
 12702 | D:10     | Killed a two-headed ogre
 13017 | D:11     | Found an ornate altar of the Wu Jian Council.
 13152 | D:11     | Noticed Fannar
 13160 | D:11     | Killed Fannar
 13174 | D:11     | Noticed a four-headed hydra
 13844 | D:11     | Noticed a tengu warrior
 13924 | Lair:1   | Entered Level 1 of the Lair of Beasts
 14090 | Lair:1   | Reached skill level 10 in Conjurations
 14734 | Lair:2   | Reached skill level 14 in Fire Magic
 14918 | Lair:2   | Noticed Mesmaeker13's ghost (journeyman GrFE)
 15064 | Lair:1   | Gained mutation: Armour fits poorly on your strangely shaped body. [potion of mutation]
 15064 | Lair:1   | Gained mutation: You are robust. (+10% HP) [potion of mutation]
 15064 | Lair:1   | Gained mutation: Your flesh is cold resistant. (rC+) [potion of mutation]
 15343 | Lair:2   | Reached **** piety under Vehumet
 15352 | Lair:2   | Offered knowledge of Force Lance by Vehumet.
 15743 | Lair:2   | Reached XP level 12. HP: 57/64 MP: 19/30
 16237 | Lair:3   | Reached skill level 15 in Fire Magic
 16269 | Lair:2   | Killed from afar by Mesmaeker13's ghost

Skill      XL: |  1  2  3  4  5  6  7  8  9 10 11 12 |
---------------+-------------------------------------+-----
Fire Magic     | 4 5 6 8 9 11 13 14 15 | 15.2
Conjurations   | 2 3 4 5 6 7 9 10 11 | 11.0
Spellcasting   | 4 5 6 8 9 11 12 13 | 13.1
Dodging        | |  2.4
Stealth        | |  2.4

Action                   |  1- 3 |  4- 6 |  7- 9 | 10-12 || total
-------------------------+-------+-------+-------+-------++-------
Melee: Club              |     4 |       |       |       ||     4
       Dagger            |     5 |    13 |       |       ||    18
       Whip              |       |       |   106 |    21 ||   127
 Cast: Flame Tongue      |    50 |   117 |   233 |   226 ||   626
       Conjure Flame     |       |     2 |     7 |    13 ||    22
       Throw Flame       |       |     3 |     3 |    36 ||    42
       Sticky Flame      |       |       |    24 |    50 ||    74
       Fireball          |       |       |    10 |    48 ||    58
       Magic Dart        |       |       |    22 |     7 ||    29
       Mephitic Cloud    |       |       |       |     9 ||     9
       Ignite Poison     |       |       |       |     7 ||     7
 Abil: Evoke Flight      |       |     1 |       |       ||     1
Evoke: Wand              |       |       |       |     2 ||     2
  Use: Scroll            |     1 |     9 |     1 |    12 ||    23
       Potion            |       |     3 |     2 |     3 ||     8
 Stab: Sleeping          |       |     1 |     1 |       ||     2
  Eat: Chunk             |     1 |     6 |     3 |     4 ||    14
       Ration            |       |     2 |     3 |     7 ||    12
Armor: Robe              |     6 |     4 |    51 |    19 ||    80
Dodge: Dodged            |    26 |    40 |   132 |   102 ||   300
